 Dungeon Crawl Stone Soup version 0.29.1-12-g30fa7ad0bf (webtiles) character file.

Game seed: 16166864299360724007

1486 concernfroge the Fighter (level 8, -14/69 HPs)
             Began as a Mummy Monk on Dec 18, 2022.
             Was a Believer of Okawaru.
             Killed from afar by Maggie (16 damage)
             ... with a bolt of fire
             ... on level 7 of the Dungeon.
             The game lasted 00:18:03 (6830 turns).

concernfroge the Fighter (Mummy Monk)               Turns: 6830, Time: 00:18:03

Health: -14/69     AC: 14    Str: 16    XL:     8   Next: 50%
Magic:  9/10       EV:  7    Int:  9    God:    Okawaru [**....]
Gold:   211        SH:  0    Dex: 15    Spells: 7/7 levels left

rFire   x . .      SeeInvis +   k - +0 glaive
rCold   + . .      Faith    .   (shield currently unavailable)
rNeg    + + +      Spirit   .   g - +0 plate armour
rPois   ∞          Reflect  .   (no helmet)
rElec   .          Harm     .   h - +1 cloak
rCorr   .          Rampage  .   (no gloves)
Will    +....                   (no boots)
Stlth   ..........              (no amulet)
HPRegen 0.21/turn               c - ring of see invisible
MPRegen 0.12/turn               (no ring)

@: heroic, mesmerised, studying Polearms
A: cold resistance 1, negative energy resistance 3, torment resistance 2, heat
vulnerability 1, in touch with death 1, no potions
a: Renounce Religion, Heroism


You were on level 7 of the Dungeon.
You worshipped Okawaru.
Okawaru was pleased with you.
You visited 2 branches of the dungeon, and saw 8 of its levels.

You collected 347 gold pieces.
You spent 136 gold pieces at shops.

Inventory:

Hand Weapons
 a - a +0 halberd
 k - a +0 glaive (weapon)
Missiles
 e - 5 boomerangs
 f - 45 stones
 n - 2 poisoned darts (quivered)
Armour
 g - a +0 plate armour (worn)
 h - a +1 cloak (worn)
Jewellery
 c - a ring of see invisible (left hand)
Scrolls
 b - 3 scrolls of teleportation
 d - 2 scrolls of vulnerability
 j - 3 scrolls of noise


   Skills:
 + Level 8.4(13.4) Fighting
 + Level 5.2(10.2) Polearms
 + Level 2.6(7.6) Throwing
 - Level 2.4(7.4) Dodging
 - Level 1.5(6.5) Stealth
 + Level 3.8 Invocations
 + Level 1.2 Evocations


You had 7 spell levels left.
You didn't know any spells.
Your spell library contained the following spells:

 Spells                   Type           Power      Damage    Failure   Level
 Sting                    Tmut/Pois      0%         1d3       100%        1
 Poisonous Vapours        Pois/Air       0%         N/A       100%        2
 Static Discharge         Conj/Air       0%         3-3/arc   100%        2
 Frozen Ramparts          Ice            0%         1d1       100%        3
 Cause Fear               Hex            0%         N/A       100%        4
 Dispel Undead            Necr           0%         3d6       100%        4
 Olgreb's Toxic Radiance  Pois           0%         N/A       100%        4
 Sticky Flame             Conj/Fire      0%         2d3       100%        4
 Ice Form                 Ice/Tmut       Unusable   N/A       N/A         4
 Summon Ice Beast         Ice/Summ       Unusable   N/A       N/A         4
 Dragon Form              Tmut           Unusable   N/A       N/A         7
 Dragon's Call            Summ           Unusable   N/A       N/A         9

Dungeon Overview and Level Annotations

Branches:
Dungeon (7/15)             Temple (1/1) D:4

Altars:
Cheibriados
Dithmenos
Fedhas
Hepliaklqana
Okawaru
Qazlal
Trog
Uskayaw
Vehumet
Xom
Yredelemnul

Shops:
D:3 *

Annotations:
D:7 Maggie


Innate Abilities, Weirdness & Mutations

You are immune to poison.
Your flesh is cold resistant. (rC+)
You are immune to negative energy. (rN+++)
You are immune to unholy pain and torment.
You are vulnerable to heat. (rF-)
You are in touch with the powers of death.
You do not drink.


Message History

The water moccasin bites you but does no damage.
The water moccasin bites you.
You closely miss Maggie.
Maggie is moderately wounded.
The water moccasin closely misses you.
Maggie casts a spell.
Maggie attempts to bespell you! You resist with almost no effort.
The water moccasin barely misses you.
You slice Maggie!!
Maggie is severely wounded.
The water moccasin bites you but does no damage.
Maggie gestures wildly while chanting.
Maggie attempts to bespell you!
You are mesmerised by Maggie!
You slash Maggie!
Maggie is almost dead.
The water moccasin bites you but does no damage.
Maggie gestures at you while chanting. The bolt of fire hits you!!
The fire burns you terribly! The water moccasin bites you.
Maggie hits you with a +0 war axe.
You barely miss Maggie.
Maggie is almost dead.
The water moccasin bites you. The water moccasin barely misses you.
Maggie mumbles the words to a spell, but in the wrong order.
Maggie closely misses you.
You hit Maggie but do no damage.
Maggie is almost dead.
The water moccasin closely misses you.
Maggie points at you and mumbles some strange words.
The bolt of fire hits you!! The fire burns you terribly!
* * * LOW HITPOINT WARNING * * *
You closely miss Maggie.
Maggie is almost dead.
The water moccasin bites you!
* * * LOW HITPOINT WARNING * * *
The water moccasin bites you!
* * * LOW HITPOINT WARNING * * *
Maggie points at you and mumbles some strange words.
The bolt of fire hits you! The fire burns you terribly!
You die...

#..................#.####...
####..##..........##..# #.
#..##.........## ..
...###.........# ###.
#.........# #. ##.......##
.. ###.......####....
..#####.@.<.......
........S@..##....
##......###.##.. .
................
.....##.####.#.. ..... #.#
.. .. ..##...S# ... .
..#S(..## .!.. ....##. ...
##


You could see Maggie (mesmerising) and a water moccasin.

Vanquished Creatures
  A water moccasin (D:6)
  An orc warrior (D:6)
  An ice beast (D:5)
  A sky beast (D:7)
  A centaur (D:6)
  A phantom (D:4)
  Blork the orc (D:5)
  2 scorpions
  2 howler monkeys
  A jelly (D:6)
  5 orc priests (D:6)
  A gnoll bouda (D:4)
  5 hounds
  5 iguanas
  Terence (D:2)
  An orc wizard (D:6)
  3 gnolls (D:4)
  5 adders
  A white imp (D:6)
  2 worms (D:4)
  2 dart slugs
  5 orcs
  9 endoplasms
  3 giant cockroaches
  6 goblins
  8 hobgoblins
  10 kobolds
  2 quokkas
  7 ball pythons
  A bat (D:3)
  2 frilled lizards
  3 rats
99 creatures vanquished.

Vanquished Creatures (others)
  4 fungi (D:4)
4 creatures vanquished.

Grand Total: 103 creatures vanquished

Notes
Turn   | Place    | Note
-------+----------+-------------------------------------------
     0 | D:1      | concernfroge the Mummy Monk began the quest for the Orb.
     0 | D:1      | Reached XP level 1. HP: 18/18 MP: 1/1
   242 | D:1      | Found a faded altar of an unknown god.
   252 | D:1      | Reached XP level 2. HP: 24/24 MP: 2/2
   544 | D:2      | Reached skill level 4 in Fighting
   797 | D:2      | Noticed Terence
   803 | D:2      | Killed Terence
   804 | D:2      | Gained mutation: You are in touch with the powers of death.
                  | [Mummy growth]
   804 | D:2      | Reached XP level 3. HP: 6/31 MP: 3/3
  1557 | D:3      | Reached XP level 4. HP: 38/38 MP: 4/4
  1616 | D:3      | Reached skill level 5 in Fighting
  1792 | D:3      | Found a stormy altar of Qazlal.
  2158 | D:3      | Found Omewn's Assorted Antiques.
  2211 | D:3      | Bought a scroll labelled DORUUM ZAYST for 17 gold pieces
  2403 | D:4      | Reached XP level 5. HP: 28/46 MP: 5/5
  2581 | D:4      | Noticed a phantom
  2593 | D:4      | Killed a phantom
  2594 | D:4      | Reached skill level 6 in Fighting
  2771 | D:4      | Found a hazy altar of Hepliaklqana.
  2772 | D:4      | Found a shimmering altar of Xom.
  2773 | D:4      | Noticed a spectral ugly thing
  2820 | D:4      | Reached XP level 6. HP: 46/53 MP: 6/6
  3027 | D:4      | Reached skill level 7 in Fighting
  3305 | D:4      | Found a staircase to the Ecumenical Temple.
  3315 | Temple   | Entered the Ecumenical Temple
  3315 | Temple   | Found a transporter.
  3315 | Temple   | Found a transporter.
  3317 | Temple   | Found a transporter.
  3317 | Temple   | Found a transporter.
  3624 | Temple   | Became a worshipper of Warmaster Okawaru
  3624 | Temple   | Reached * piety under Okawaru
  3624 | Temple   | Reached ** piety under Okawaru
  3725 | D:3      | Bought a glowing scimitar for 119 gold pieces
  3786 | D:5      | Entered Level 5 of the Dungeon
  3803 | D:5      | Acquired a manual of Polearms
  3997 | D:4      | Reached skill level 1 in Invocations
  4297 | D:5      | Noticed an ice beast
  4310 | D:5      | Killed an ice beast
  4311 | D:5      | Reached XP level 7. HP: 47/60 MP: 6/8
  5268 | D:6      | Reached skill level 1 in Throwing
  5596 | D:6      | Reached skill level 8 in Fighting
  5871 | D:5      | Noticed Blork the orc
  6021 | D:5      | Killed Blork the orc
  6022 | D:5      | Reached XP level 8. HP: 68/68 MP: 8/10
  6429 | D:6      | Reached skill level 5 in Polearms
  6715 | D:7      | Reached skill level 1 in Evocations
  6811 | D:7      | Noticed Maggie
  6830 | D:7      | HP: 2/69 [water moccasin (7)]
  6830 | D:7      | Killed from afar by Maggie

Illustrated notes

Levels and vault maps discovered:
D:1:      minmay_arrival_glassed_features, layout_rooms,
          ebering_ecumenical_altar_petrified
D:2:      layout_loops_cross, lemuel_flame_loot_1, uniq_terence
D:3:      layout_loops_cross, nicolae_qazlal_general_emergency, serial_shops,
          shop_statue, kennysheep_generic_room_6
D:4:      layout_basic, regret_index_temple_of_mockery,
          minmay_temple_entry_fiery, dreamdust_mushroom_princess,
          minmay_misc_feat_x
D:5:      layout_cave_pools, nicolae_hexahallways, uniq_blork_the_orc
D:6:      layout_basic, elyvilon_altar_3, minmay_a_box_with_orc_wizards_in_it
D:7:      layout_rooms, nicolae_ashenzari_skybound, mainiacjoe_overflow_catwalk,
          kiku_gazebo_garden_becter, chequers_serial_rivers_micro_c,
          chequers_serial_rivers_room_a, uniq_maggie
Temple:   hellmonk_temple_divided_pantheon

Skill      XL: |  1  2  3  4  5  6  7  8 |
---------------+-------------------------+-----
Fighting       | 4 5 6 7 8 |  8.4
Invocations    | 2 3 |  3.8
Polearms       | 4 5 |  5.2
Throwing       | 1 2 |  2.6
Evocations     | 1 |  1.2
Dodging        | |  2.4
Stealth        | |  1.5

Action                   |  1- 3 |  4- 6 |  7- 9 || total
-------------------------+-------+-------+-------++-------
Melee: Quarterstaff      |    76 |   168 |       ||   244
       Halberd           |       |     9 |   102 ||   111
       Glaive            |       |       |    37 ||    37
Throw: Stone             |     3 |     3 |       ||     6
       Dart              |       |    11 |    13 ||    24
       Boomerang         |       |       |     9 ||     9
Invok: Heroism           |       |     4 |    10 ||    14
Evoke: Wand              |     2 |       |     2 ||     4
  Use: Scroll            |       |     8 |       ||     8
 Stab: Sleeping          |     1 |       |       ||     1
Armor: Robe              |     6 |       |       ||     6
       Plate armour      |    44 |   133 |   100 ||   277
Dodge: Dodged            |    23 |    51 |    57 ||   131
